 Dungeon Sprint DCSS version 0.30-a0-1160-g6e42c06551 (webtiles) character file.

Game seed: 11851046294143306253

8269 sircluck the Executioner (level 11, -1/172 HPs)
             Began as a Hill Orc Berserker on Apr 25, 2023.
             Was the Champion of Trog.
             Killed from afar by a molten gargoyle (18 damage)
             ... with a bolt of magma
             ... in the Dungeon (Sprint VII: "The Pits").
             The game lasted 00:06:50 (1817 turns).

sircluck the Executioner (Hill Orc Berserker)       Turns: 1817, Time: 00:06:51

Health: -1/172     AC: 19    Str: 25    XL:     11   Next: 28%
Magic:  11/11      EV: 11    Int:  7    God:    Trog [******]
Gold:   12         SH:  0    Dex: 10    Spells: 10/10 levels left

rFire   . . .        w - +2 executioner's axe (flame)
rCold   . . .        (shield currently unavailable)
rNeg    . . .        a - +3 chain mail
rPois   .            (no helmet)
rElec   .            (no cloak)
rCorr   .            u - +0 pair of gloves
SInv    .            t - +0 pair of boots
Will    .....        (no amulet) Stlth
                     (no ring)
HPRegen 0.48/turn    (no ring)
MPRegen 0.12/turn

%: no teleportation
@: confused, berserking, slowed
A: no striking features
a: Renounce Religion, Berserk, Trog's Hand, Brothers in Arms


You were in the Dungeon.
You worshipped Trog.
Trog was exalted by your worship.
You visited 1 branch You collected 12 gold pieces.

Inventory:

Hand Weapons
 l - a +2 hand axe
 n - a +2 heavy hand axe
 o - a +1 heavy war axe
 p - a +5 antimagic battleaxe
 w - a +2 executioner's axe of flaming (weapon)
Missiles
 k - 10 stones (quivered)
Armour
 a - a +3 chain mail (worn)
 b - a +0 animal skin
 m - a +3 ring mail
 t - a +0 pair of boots (worn)
 u - a +0 pair of gloves (worn)
 v - a +4 scale mail
Jewellery
 q - a +3 ring of evasion
 s - a +3 ring of dexterity
Scrolls
 h - a scroll of blinking
 j - a scroll of summoning
Potions
 c - 6 potions of curing
 d - 12 potions of heal wounds
 e - 2 potions of haste
 f - 4 potions of magic
 g - 3 potions of berserk rage
 i - 2 potions of invisibility
 r - 2 potions of might


   Skills:
 + Level 16.5 Fighting
 + Level 22.5 Axes
 + Level 14.3 Armour
 + Level 7.0 Dodging
 + Level 2.2 Stealth


You had 10 spell levels left.
You didn't know any spells.
Your spell library was empty.

Dungeon Overview and Level Annotations

Branches:
Dungeon (1/1)

Altars:
Ashenzari
Cheibriados
Dithmenos
Elyvilon
Fedhas
Gozag
Hepliaklqana
Kikubaaqudgha
Makhleb
Nemelex Xobeh
Okawaru
Qazlal
Ru
Sif Muna
Trog
Uskayaw
Vehumet
Wu Jian
Xom
Yredelemnul
Zin
The Shining One
Beogh
Jiyva
Lugonu


Message History

Your deep troll bites the molten gargoyle!
Your deep troll claws the molten gargoyle.
Your deep troll claws the molten gargoyle but does no damage.
Unknown command.
Are you sure you want to stumble around while confused and next to your deep troll?
You bump into the metal wall.
Your deep troll closely misses the molten gargoyle.
Your deep troll claws the molten gargoyle!
Your deep troll claws the molten gargoyle but does no damage.
Something hits you!
* * * LOW HITPOINT WARNING * * *
Something drains your vigour!
You feel yourself slow down.
The orc priest hits the death knight with a +0 mace!
The molten gargoyle blasts magma at you!
The bolt of magma misses you.
The bolt of magma hits something!!
The death knight hits you but does no damage.
Something hits your deep troll!
The steam dragon bites the orc priest.
The steam dragon claws the orc priest.
The swamp drake completely misses you.
Are you sure you want to stumble around while confused and next to your deep troll?
You closely miss your deep troll.
Your deep troll is lightly wounded.
You slash something! You burn something. Trog accepts your kill.
Reactivating autopickup.
You feel a bit more experienced.
You slice the death knight!! You burn the death knight.
You slice the swamp drake!! You burn the swamp drake!
You kill the swamp drake!
Trog accepts your kill.
You slash something! You burn something. You hit the molten gargoyle.
Your deep troll disappears in a puff of smoke!
The steam dragon bites the orc priest but does no damage.
The steam dragon claws the orc priest.
The death knight hits you with a +1 great sword.
* * * LOW HITPOINT WARNING * * *
The orc priest hits the orc with a +0 mace.
Something hits the orc but does no damage.
The molten gargoyle blasts magma at you!
The bolt of magma hits you!!
You die...

### ############# ### #
## ............###..#
....#
.............#÷.##.#.#.#
#...#'######..)##......#
#####.##...##)##.#D#.#.#
..##...#...#...#oo.....#
...#.†.#...#...#9p)....#
...†...+...'...§@o{C...+
...#...#...#...#o).....#
..##...#...#÷..#.o.....#
#####.##...##)##.#.#.#.#
#...#+######...##......#
.......†.....#..##.#.#.#
......†.)...###..# ....#
############# #### # ##


You could see a death knight (confused), a cyclops, a molten gargoyle, a steam
dragon (confused), an orc priest (confused) and 4 orcs.

Vanquished Creatures
  A shadow wraith (D)
  2 deep trolls (D)
  An elephant (D)
  A molten gargoyle (D)
  An eye of devastation (D)
  A guardian mummy (D)
  A freezing wraith (D)
  A troll (D)
  8 blink frogs (D)
  2 dream sheep (D)
  A shadow (D)
  A vampire (D)
  A basilisk (D)
  An acid dragon (D)
  A swamp drake (D)
  A black bear (D)
  4 wolves (D)
  A centaur (D)
  A kobold brigand (D)
  A scorpion (D)
  2 necrophages (D)
  A quasit (D)
  An iron imp (D)
  A gnoll bouda (D)
  2 orc wizards (D)
  5 gnolls (D)
  2 adders (D)
  2 white imps (D)
  An ufetubus (D)
  An adder skeleton (D)
  3 orcs (D)
  A bat skeleton (D)
  2 jackals (D)
  3 quokkas (D)
  A ball python (D)
  A frilled lizard (D)
  A quokka zombie (D)
62 creatures vanquished.

Vanquished Creatures (collateral kills)
  A cyclops (D)
  An unseen horror (D)
  A red devil (D)
  A merfolk (D)
  4 dream sheep (D)
  A basilisk (D)
  A wolf (D)
  A gnoll sergeant (D)
  An iguana (D)
  2 hell rats (D)
  A mummy (D)
  4 gnolls (D)
  A ball python (D)
20 creatures vanquished.

Vanquished Creatures (others)
  An orc wizard (D)
  An orc (D)
2 creatures vanquished.

Grand Total: 84 creatures vanquished

Notes
Turn   | Place    | Note
-------+----------+-------------------------------------------
     0 | D        | sircluck the Hill Orc Berserker began the quest for the
                  | Orb.
     0 | D        | Reached XP level 1. HP: 19/19 MP: 1/1
    67 | D        | Found a bloodstained altar of Trog.
    67 | D        | Found a shimmering blue altar of Sif Muna.
    67 | D        | Found a viscous altar of Jiyva.
    67 | D        | Found a hazy altar of Hepliaklqana.
    67 | D        | Found an opulent altar of Gozag.
    68 | D        | Found a glowing golden altar of the Shining One.
    68 | D        | Found a glowing silver altar of Zin.
    68 | D        | Found a basalt altar of Yredelemnul.
    68 | D        | Found a shimmering altar of Xom.
    68 | D        | Found an ornate altar of the Wu Jian Council.
    68 | D        | Found a sacrificial altar of Ru.
    68 | D        | Found a stormy altar of Qazlal.
    68 | D        | Found an iron altar of Okawaru.
    68 | D        | Found a sparkling altar of Nemelex Xobeh.
    68 | D        | Found a burning altar of Makhleb.
    68 | D        | Found a blossoming altar of Fedhas.
    68 | D        | Found a white marble altar of Elyvilon.
    68 | D        | Found a shadowy altar of Dithmenos.
    68 | D        | Found a snail-covered altar of Cheibriados.
    70 | D        | Found a radiant altar of Vehumet.
    70 | D        | Found a corrupted altar of Lugonu.
    70 | D        | Found a roughly hewn altar of Beogh.
    71 | D        | Found a hide-covered altar of Uskayaw.
    71 | D        | Found an ancient bone altar of Kikubaaqudgha.
    71 | D        | Found a broken altar of Ashenzari.
    84 | D        | Noticed a scorpion
    88 | D        | Killed a scorpion
    89 | D        | Reached skill level 7 in Axes
    89 | D        | Reached XP level 2. HP: 31/31 MP: 2/2
    89 | D        | Reached XP level 3. HP: 38/38 MP: 3/3
    89 | D        | Reached XP level 4. HP: 45/45 MP: 4/4
    89 | D        | Reached ** piety under Trog
   209 | D        | Noticed a necrophage
   212 | D        | Reached *** piety under Trog
   218 | D        | Killed a necrophage
   219 | D        | Reached skill level 9 in Axes
   219 | D        | Reached XP level 5. HP: 36/53 MP: 5/5
   316 | D        | Reached **** piety under Trog
   327 | D        | Reached skill level 10 in Axes
   331 | D        | Reached ***** piety under Trog
   332 | D        | Reached XP level 6. HP: 49/64 MP: 6/6
   561 | D        | Reached skill level 10 in Fighting
   561 | D        | Reached skill level 11 in Axes
   561 | D        | Reached skill level 5 in Armour
   562 | D        | Noticed a black bear
   565 | D        | Received a gift from Trog
   566 | D        | Reached skill level 12 in Axes
   573 | D        | Killed a black bear
   574 | D        | Reached skill level 5 in Dodging
   574 | D        | Reached XP level 7. HP: 74/74 MP: 7/7
   608 | D        | Noticed a merfolk
   608 | D        | Noticed a troll
   610 | D        | Killed a merfolk
   611 | D        | Reached skill level 13 in Axes
   613 | D        | Reached skill level 14 in Axes
   615 | D        | Received a gift from Trog
   620 | D        | Reached XP level 8. HP: 83/83 MP: 8/8
   624 | D        | Killed a troll
   783 | D        | Found the +8 autumn katana {manifold assault}
   895 | D        | Noticed a shadow
   895 | D        | Noticed a guardian mummy
   909 | D        | Killed a shadow
   910 | D        | Reached skill level 15 in Axes
   911 | D        | Killed a guardian mummy
   912 | D        | Reached skill level 1 in Stealth
   966 | D        | Noticed a deep troll
  1081 | D        | Killed a deep troll
  1082 | D        | Reached skill level 16 in Axes
  1082 | D        | Reached XP level 9. HP: 93/93 MP: 3/9
  1083 | D        | Reached skill level 17 in Axes
  1084 | D        | Reached skill level 10 in Armour
  1109 | D        | Noticed a red devil
  1109 | D        | Noticed a cyclops
  1111 | D        | Killed a cyclops
  1123 | D        | Killed a red devil
  1124 | D        | Reached skill level 18 in Axes
  1145 | D        | Received a gift from Trog
  1156 | D        | Noticed a freezing wraith
  1157 | D        | Noticed an eye of devastation
  1160 | D        | Reached XP level 10. HP: 71/104 MP: 3/10
  1164 | D        | Reached skill level 19 in Axes
  1168 | D        | Killed an eye of devastation
  1189 | D        | Received a gift from Trog
  1190 | D        | Reached skill level 20 in Axes
  1487 | D        | Noticed a molten gargoyle
  1487 | D        | Noticed an elephant
  1490 | D        | Reached skill level 15 in Fighting
  1496 | D        | Killed a molten gargoyle
  1505 | D        | Killed an elephant
  1506 | D        | Reached skill level 21 in Axes
  1706 | D        | Received a gift from Trog
  1707 | D        | Reached XP level 11. HP: 84/114 MP: 11/11
  1708 | D        | Reached ****** piety under Trog
  1712 | D        | Reached skill level 22 in Axes
  1803 | D        | Noticed a deep troll
  1803 | D        | Noticed a death knight
  1804 | D        | Noticed a cyclops
  1810 | D        | Killed a deep troll
  1813 | D        | Received a gift from Trog
  1817 | D        | Killed a shadow wraith
  1817 | D        | Killed from afar by a molten gargoyle

Illustrated notes

Levels and vault maps discovered:
D:        pitsprint [storerooms_1, entrance_room_1, metal_vault_1, armoury_2,
          mini_pit_1, grid_room_1, main_hall_1, silver_pit, the_coven_1,
          the_vestibule_1, steel_vault_4, golden_pit, hallway_of_sentries,
          crystal_vault_4, iron_vault_2, final_vault]

Skill      XL: |  1  2  3  4  5  6  7  8  9 10 11 |
---------------+----------------------------------+-----
Fighting       | 6 8 9 11 12 13 14 15 16 | 16.5
Axes           | 7 9 10 12 14 16 18 21 22 | 22.5
Armour         | 3 4 5 6 9 11 13 14 | 14.3
Dodging        | 2 3 4 5 6 7 |  7.0
Stealth        | 1 2 |  2.2

Action                     |  1- 3 |  4- 6 |  7- 9 | 10-12 || total
---------------------------+-------+-------+-------+-------++-------
  Melee: Hand axe          |    11 |    79 |     2 |       ||    92
         War axe           |       |       |     6 |       ||     6
         Battleaxe         |       |       |    19 |    29 ||    48
         Executioner's axe |       |       |       |    28 ||    28
 Invoke: Berserk           |     1 |     3 |     1 |     3 ||     8
         Brothers in Arms  |       |       |     6 |     3 ||     9
 Armour: Animal skin       |     1 |       |       |       ||     1
         Chain mail        |       |    32 |    22 |    31 ||    85
  Dodge: Dodged            |     6 |    37 |    22 |    33 ||    98

Table legend: (Time is in decaauts)
 A = Elapsed time spent in this place.
 B = Non-inter-level travel time spent in this place.
 C = Inter-level travel time spent in this place.
 D = Time resting spent in this place.
 E = Time spent auto-exploring this place.
 F = Levels seen in this place.
 G = Mean time per level.
                   A        B        C        D        E       F      G
               +--------+--------+--------+--------+--------+-----+--------+
         Total |   1870 |   1870 |      0 |   1098 |    239 |   1 | 1870.0 |
       Dungeon |   1870 |   1870 |      0 |   1098 |    239 |   1 | 1870.0 |
               +--------+--------+--------+--------+--------+-----+--------+

Top non-repeatable levels by time:
       D: 1870 daAuts
